AoeStats
← qetuadgjzcbm123

Four Lakes

509886040Analyzed
1v1 RM · 3d ago on Sep 28, 2026· 29m 18s· 2 players
Game mode
Random Map
Map size
Tiny (2 player)
Population
200
Speed
Normal
Resources
Standard
Victory
Conquest
Starting age
Dark Age
Ending age
Imperial Age
RankedLock teamsTeams togetherTeam positionsShared explorationLock speedFull tech treeHidden civsTurbo modeCheats
Victory
Defeat
🇹🇼 Varangians · Taiwan
1026
+17
🇩🇪 Lithuanians · Germany
1044
-17
qetuadgjzcbm123
9:04 Loom
11:07 Feudal Age
11:52 Double-Bit Axe
11:45 Man-at-Arms
15:54 Scale Mail Armor
16:23 Horse Collar
20:33 Castle Age
18:54 Forging
19:42 Fletching
20:03 Arson
22:26 Bow Saw
23:29 Squires
23:15 Gambesons
23:31 Gold Mining
25:34 Chain Mail Armor
26:22 Stone Mining
28:44 Stone Shaft Mining
Weiser Hoodie
8:41 Loom
10:56 Feudal Age
14:07 Wheelbarrow
19:44 Castle Age
18:46 Forging
18:42 Scale Barding Armor
21:00 Husbandry
Connection lost

Rejoining the realm…

Still unreachable

The connection could not be restored.

Session expired

The server has moved on; the page needs a fresh start.